 Dungeon Crawl Stone Soup version 0.20-a0-1039-gf554463 (webtiles) character file.

1411 Devintownsend the Protected (level 8, -4/74 HPs)
             Began as a Minotaur Fighter on Apr 8, 2017.
             Was an Initiate of Okawaru.
             Killed by divine providence
             ... invoked by an orc priest
              (10 damage)
             ... on level 7 of the Dungeon on Apr 22, 2017.
             The game lasted 00:19:23 (5020 turns).

Devintownsend the Protected (Minotaur Fighter)      Turns: 5020, Time: 00:19:24

Health: -4/74      AC: 11    Str: 28    XL:     8   Next: 43%
Magic:  7/7        EV: 10    Int:  5    God:    Okawaru [......]
Gold:   46         SH:  8    Dex: 10    Spells: 7/7 levels left

rFire    . . .     SeeInvis +   m - +3 flail
rCold    . . .     Gourm    .   y - +3 buckler {rN+}
rNeg     + . .     Faith    .   i - +0 chain mail
rPois    .         Spirit   .   (helmet restricted)
rElec    .         Reflect  .   (no cloak)
rCorr    .         Harm     .   (no gloves)
MR       +....                  (no boots)
Stlth    ..........             (no amulet)
Regen    0.3/turn               A - ring of protection from magic
MPRegen  0.1/turn               B - ring of loudness (curse)

@: mighty, drained
A: retaliatory headbutt, horns 2, repulsion field 1, see invisible
a: Renounce Religion


You were on level 7 of the Dungeon.
You worshipped Okawaru.
Okawaru was noncommittal.
You were hungry.

You visited 2 branches of the dungeon, and saw 8 of its levels.

You collected 226 gold pieces.
You spent 180 gold pieces at shops.

Inventory:

Hand Weapons
 a - a +1 war axe
 m - a +3 flail (weapon)
Armour
 c - a +0 shield
 i - a +0 chain mail (worn)
 y - a +3 buckler of positive energy (worn)
Jewellery
 u - an uncursed ring of protection from magic
 A - a ring of protection from magic (left hand)
 B - a cursed ring of loudness (right hand)
Wands
 z - a wand of lightning (7/15)
Scrolls
 e - 6 scrolls of identify
 g - a scroll of blinking
 h - 5 scrolls of remove curse
 j - 7 scrolls of teleportation
 n - a scroll of enchant armour
 o - 2 scrolls of noise
Potions
 b - 2 potions of haste {unknown}
 l - 3 potions of agility {unknown}
 p - a potion of berserk rage
 q - a potion of magic {unknown}
 r - 4 potions of curing {unknown}
 s - a potion of invisibility {unknown}
 t - a potion of cancellation {unknown}
 v - 2 potions of resistance {unknown}
 x - 2 potions of heal wounds {unknown}
Comestibles
 f - 3 bread rations
 k - a meat ration


   Skills:
 + Level 8.0(7.9) Fighting
 - Level 6.4(6.3) Axes
 + Level 8.4(8.3) Armour
 - Level 5.0 Shields


You had 7 spell levels left.
You didn't know any spells.

Dungeon Overview and Level Annotations

Branches:
Dungeon (7/15)             Temple (1/1) D:5

Altars:
Ashenzari
Cheibriados
Dithmenos
Elyvilon
Fedhas
Gozag
Hepliaklqana
Kikubaaqudgha
Makhleb
Nemelex Xobeh
Okawaru
Qazlal
Ru
Sif Muna
Trog
Uskayaw
Vehumet
Wu Jian
Xom
Yredelemnul
Zin

Shops:
D:5 [


Innate Abilities, Weirdness & Mutations

You reflexively headbutt those who attack you in melee.
You have a pair of horns on your head.
You are surrounded by a mild repulsion field. (EV +2)
You have supernaturally acute eyesight. (SInv)


Message History

The orc priest invokes the aid of Beogh against you.
Beogh smites you!
You closely miss the orc warrior. Your headbutt misses the orc warrior.
The orc warrior is severely wounded.
You block the orc warrior's attack. You block the orc's attack.
The orc priest hits you with a dagger. The orc barely misses you.
The orc warrior hits you with a mace!
* * * LOW HITPOINT WARNING * * *
Unknown command.
You hit the orc priest.
The orc priest is heavily wounded.
The orc barely misses you. You furiously retaliate!
You headbutt the orc. The orc priest hits you with a dagger.
* * * LOW HITPOINT WARNING * * *
The orc hits you but does no damage. The orc warrior hits you with a mace!
* * * LOW HITPOINT WARNING * * *
You feel very mighty all of a sudden.
The orc priest mumbles some strange prayers to Beogh against you.
Beogh smites you!
You die...

.. #.# #.# ##.##
##...##
.####.....####.#
...............#
.......o<......#
......o@....>..#
......oo.......+
..............%#
...............#
...............#
################


You could see an orc warrior, an orc priest and 2 orcs.

Vanquished Creatures
  An ice beast (D:6)
  A black bear (D:6)
  3 ogres
  A centaur (D:6)
  A scorpion (D:5)
  2 crimson imps
  A howler monkey (D:5)
  2 orc priests
  A jelly (D:6)
  2 hounds
  4 orc wizards
  A bullfrog skeleton (D:4)
  A centaur skeleton (D:3)
  2 iguanas
  6 worker ants
  A howler monkey skeleton (D:6)
  5 adders
  2 shadow imps
  2 oozes
  2 worms
  4 dart slugs
  5 leopard geckos
  24 orcs
  2 ball pythons
  4 giant cockroaches
  6 hobgoblins
  12 jackals
  4 quokkas
  10 bats
  3 frilled lizards
  A giant cockroach zombie (D:5)
  8 goblins
  A jackal skeleton (D:5)
  11 kobolds
  A leopard gecko skeleton (D:4)
  5 rats
  A spectral orc (D:6)
143 creatures vanquished.

Notes
Turn   | Place    | Note
-------+----------+-------------------------------------------
     0 | D:1      | Devintownsend the Minotaur Fighter began the quest for the Orb.
     0 | D:1      | Reached XP level 1. HP: 19/19 MP: 0/0
    88 | D:1      | Reached XP level 2. HP: 24/27 MP: 1/1
   661 | D:2      | Reached XP level 3. HP: 31/33 MP: 2/2
  1061 | D:3      | Reached XP level 4. HP: 24/40 MP: 3/3
  1071 | D:3      | Gained mutation: You are surrounded by a mild repulsion field. (EV +2) [potion of mutation]
  1071 | D:3      | Gained mutation: You have supernaturally acute eyesight. (SInv) [potion of mutation]
  1326 | D:3      | Found a radiant altar of Vehumet.
  1326 | D:3      | Found a glowing silver altar of Zin.
  1716 | D:3      | Reached XP level 5. HP: 43/46 MP: 4/4
  1782 | D:3      | Found an ornate altar of the Wu Jian Council.
  1797 | D:3      | Reached skill level 5 in Shields
  1807 | D:3      | Reached skill level 5 in Axes
  1811 | D:3      | Upgraded the game from 0.20-a0-971-g5896763 to 0.20-a0-1039-gf554463
  2195 | D:3      | Reached XP level 6. HP: 34/53 MP: 5/5
  2547 | D:4      | Reached skill level 5 in Armour
  2884 | D:4      | Reached skill level 5 in Fighting
  2928 | D:4      | Reached XP level 7. HP: 44/61 MP: 6/6
  3191 | D:5      | Entered Level 5 of the Dungeon
  3267 | D:5      | Found a staircase to the Ecumenical Temple.
  3285 | Temple   | Entered the Ecumenical Temple
  3539 | D:5      | Found Liannuutz's Antique Armour Shoppe.
  3742 | D:5      | Found a hazy altar of Hepliaklqana.
  3988 | D:6      | Reached XP level 8. HP: 69/73 MP: 7/7
  4013 | D:5      | Bought a runed buckler for 180 gold pieces
  4035 | D:6      | Found an iron altar of Okawaru.
  4036 | D:6      | Found a bloodstained altar of Trog.
  4046 | D:6      | Became a worshipper of Warmaster Okawaru
  4376 | D:6      | Found a blossoming altar of Fedhas.
  4830 | D:6      | Found a basalt altar of Yredelemnul.
  5020 | D:7      | Killed from afar by an orc priest

Vault maps used:
D:1:      dpeg_arrival_solitude
D:3:      lemuel_doored_altar, chequers_temple_overflow_statue_of_worship
D:4:      first_bread
D:5:      lemuel_coloured_pillars_altar, minmay_temple_entry_glassed_door,
          serial_shops, shop, minmay_misc_feat_room, kennysheep_small_square
D:6:      grunt_temple_overflow_bloody_war, fedhas_bush_and_centaur_altar,
          yredelemnul_forgotten_temple_becter
D:7:      cheibrodos_barr_body, the_bakery, kennysheep_nondescript,
          minmay_misc_feat_columns, uniq_prince_ribbit1, uniq_menkaure
Temple:   nicolae_temple_figure_eight

Skill      XL: |  1  2  3  4  5  6  7  8 |
---------------+-------------------------+-----
Shields        | 4 5 |  5.0
Fighting       | 4 5 7 8 |  8.0
Axes           | 3 4 5 6 |  6.4
Armour         | 4 5 7 8 |  8.4

Action                   |  1- 3 |  4- 6 |  7- 9 || total
-------------------------+-------+-------+-------++-------
Melee: War axe           |   119 |   107 |       ||   226
       Headbutt          |    11 |    22 |    27 ||    60
       Flail             |       |    18 |   116 ||   134
  Use: Potion            |       |     1 |     1 ||     2
       Scroll            |       |     5 |     4 ||     9
  Eat: Chunk             |       |     7 |     6 ||    13
Armor: Scale mail        |    31 |       |       ||    31
       Chain mail        |    70 |    53 |    53 ||   176
Dodge: Dodged            |    38 |    50 |    46 ||   134
Block: Shield            |    88 |    81 |    34 ||   203
       Buckler           |       |       |    25 ||    25
